 Dungeon Crawl Stone Soup version 0.29.1-2-gbd0b4ee654 (webtiles) character file.

Game seed: 12413662068194859585

9 kingsuperguy the Sneak (level 2, 0/16 HPs)
             Began as a Spriggan Delver on Nov 14, 2022.
             Killed by divine providence
             ... invoked by an orc priest
              (13 damage)
             ... on level 4 of the Dungeon.
             The game lasted 00:02:22 (484 turns).

kingsuperguy the Sneak (Spriggan Delver)             Turns: 484, Time: 00:02:22

Health: 0/16       AC:  2    Str:  8    XL:     2   Next: 3%
Magic:  3/3        EV: 17    Int: 11    God:
Gold:   1          SH:  0    Dex: 16    Spells: 1/1 levels left

rFire   + . .      SeeInvis +   a - +0 short sword
rCold   x . .      Faith    .   (no shield)
rNeg    . . .      Spirit   .   b - +0 robe
rPois   .          Reflect  .   (helmet restricted)
rElec   .          Harm     .   (no cloak)
rCorr   .          Rampage  .   (gloves unavailable)
Will    .....                   (boots unavailable)
Stlth   ++++......              (no amulet)
HPRegen 0.05/turn               k - ring of fire
MPRegen 0.08/turn               (no ring)

@: very quick
A: very small, no large weapons, unfitting armour, see invisible, speed 3
a: no special abilities


You were on level 4 of the Dungeon.
You visited 1 branch of the dungeon, and saw 2 of its levels.

You collected 1 gold pieces.

Inventory:

Hand Weapons
 a - a +0 short sword (weapon)
 h - a +1 flail of venom
Armour
 b - a +0 robe (worn)
Jewellery
 k - a ring of fire (left hand)
Wands
 g - a wand of digging (3)
Scrolls
 c - a scroll of fog
 d - a scroll of magic mapping
 e - a scroll of fear
 i - a scroll of vulnerability {unknown}
 j - a scroll of enchant weapon {unknown}
 l - a scroll of blinking {unknown}
Potions
 f - a potion of haste


   Skills:
 + Level 2.5 Fighting
 + Level 2.2 Short Blades
 + Level 2.7 Dodging
 + Level 7.7 Stealth


You had one spell level left.
You didn't know any spells.
Your spell library was empty.

Dungeon Overview and Level Annotations

Branches:
Dungeon (5/15)
 Temple: D:4-7

Altars:


Innate Abilities, Weirdness & Mutations

You are very small and have problems with some larger weapons.
You are too small for most types of armour.
You have supernaturally acute eyesight. (SInv)
You cover ground extremely quickly. (Speed+++)


Message History

You start resting.
HP restored.
l - a scroll labelled WAQEEDWUAH You feel more attuned to fire.
k - a ring of fire (left hand)
There is a stone staircase leading up here.
You open the door.
An ogre comes into view. It is wielding a +0 giant club.
There is an open door here.
The ogre shouts!
There is a stone staircase leading up here.
There is a stone staircase leading up here.
There is a stone staircase leading up here.
There is a stone staircase leading up here.
There is an open door here.
You open the door.
There is an open door here.
You open the door.
A gnoll comes into view. It is wielding a +0 whip.
The gnoll shouts!
Found 11 gold pieces. 2 gnolls come into view.
There is an open door here.
The gnoll shouts!
You hit the gnoll but do no damage.
An ogre comes into view. It is wielding a +0 giant club.
You don't know any spells.
There is an open door here.
The ogre closely misses you. The gnoll barely misses you.
There is an open door here.
The gnoll shouts!
There is a stone staircase leading up here.
You climb upwards.
The orc hits you with a +0 falchion. The orc misses you.
The jelly completely misses you.
There is a stone staircase leading down, spattered with blood here.
The orc priest looks satisfied for a moment.
The orc priest mumbles some strange prayers to Beogh against you.
Beogh smites you!
Ouch! That really hurt!
You die...

#..........#.......#
#..##+###.##.......#
#..##..#...........#
#......#...........#
#......+....########
##'######....#
#........[...#
#..oJ........#
#..o..@......#
#............#
#............#
#######o###### #oh.
#.... ###..# ###


You could see a jelly, an orc priest, 3 orcs and a jackal.

Vanquished Creatures
  An adder (D:5)
1 creature vanquished.

Notes
Turn   | Place    | Note
-------+----------+-------------------------------------------
     0 | D:5      | kingsuperguy the Spriggan Delver began the quest for the
                  | Orb.
     0 | D:5      | Reached XP level 1. HP: 11/11 MP: 2/2
     7 | D:5      | Noticed an ogre
    55 | D:5      | Reached XP level 2. HP: 16/16 MP: 3/3
   347 | D:5      | Noticed an ogre
   436 | D:5      | Noticed an ogre
   484 | D:4      | Killed from afar by an orc priest

Illustrated notes

Levels and vault maps discovered:
D:4:      layout_gridville
D:5:      layout_basic, overflow_temple_1_default, kennysheep_generic_room_3,
          uniq_eustachio

Action                   || total
-------------------------++-------
Melee: Short sword       ||     3
 Stab: Sleeping          ||     1
Dodge: Dodged            ||     4
